 Dungeon Crawl Stone Soup version 0.21.0-3-g78d12a8 (webtiles) character file.

2968 Flooderbenga the Destroyer (level 9, -11/49 HPs)
             Began as a Deep Elf Fire Elementalist on Jan 13, 2018.
             Was a Believer of Sif Muna.
             Mangled by an eight-headed hydra (16 damage)
             ... on level 11 of the Dungeon.
             The game lasted 01:31:45 (10862 turns).

Flooderbenga the Destroyer (DEFE)                  Turns: 10862, Time: 01:31:45

Health: -11/49     AC:  3    Str:  9    XL:     9   Next: 52%
Magic:  21/21      EV: 14    Int: 24    God:    Sif Muna [**....]
Gold:   75         SH:  0    Dex: 15    Spells: 7/22 levels left

rFire    . . .     SeeInvis .   x - +8 whip "Transmigrator" {venom, MR+ Stlth+}
rCold    + . .     Gourm    .   (no shield)
rNeg     . . .     Faith    .   a - +0 robe
rPois    .         Spirit   .   (no helmet)
rElec    .         Reflect  .   (no cloak)
rCorr    .         Harm     +   z - +0 pair of gloves
MR       +....                  (no boots)
Stlth    +++.......             g - amulet of harm
HPRegen  0.16/turn              v - ring of protection from cold
MPRegen  0.17/turn              h - +4 ring of strength

@: hasted, very quick
A: no striking features
a: Divine Energy, Renounce Religion


You were on level 11 of the Dungeon.
You worshipped Sif Muna.
Sif Muna was pleased with you.
You were hungry.

You visited 2 branches of the dungeon, and saw 11 of its levels.

You collected 361 gold pieces.
You spent 286 gold pieces at shops.

Inventory:

Hand Weapons
 s - a +0 spear
 x - the +8 whip "Transmigrator" (weapon) {venom, MR+ Stlth+}
   (You found it on level 5 of the Dungeon)

   It poisons the flesh of those it strikes.
   It affects your resistance to hostile enchantments.
   It makes you more stealthy.
 E - a cursed -3 shortbow
 H - a +2 dagger of venom
Missiles
 d - 42 sling bullets
 f - 200 stones (quivered)
 i - 61 bolts
 j - 97 arrows
 m - 36 poisoned needles
 t - 4 exploding tomahawks
 C - 3 steel tomahawks
 K - 5 tomahawks
Armour
 a - a +0 robe (worn)
 p - the +1 ring mail "Peohyicou" {rC+ Str+3 Dex+3, unknown}
   (You found it on level 4 of the Dungeon)

   It affects your strength (+3).
   It affects your dexterity (+3).
   It protects you from cold.
 z - a +0 pair of gloves (worn)
 I - a scarf of cloud immunity
Jewellery
 g - an amulet of harm (around neck)
 h - a +4 ring of strength (right hand)
 v - a ring of protection from cold (left hand)
 A - an uncursed ring of protection from cold
Wands
 B - a wand of polymorph (11)
Scrolls
 e - a scroll of fear {unknown}
 l - 3 scrolls of immolation
 n - 2 scrolls of amnesia
 r - 2 scrolls of identify {@r1}
 w - a scroll of fog {unknown}
 y - 2 scrolls of remove curse {unknown}
 D - a scroll of enchant armour {unknown}
 G - 3 scrolls of teleportation {@r3}
Potions
 k - a potion of flight {unknown}
 o - 2 potions of agility {@q5}
 q - a potion of curing {@q1}
 u - 2 potions of degeneration
 J - 2 potions of brilliance
Books
 b - a book of Flames

   Spells                             Type                      Level
   a - Flame Tongue                   Conjuration/Fire             1
   b - Throw Flame                    Conjuration/Fire             2
   c - Conjure Flame                  Conjuration/Fire             3
   d - Inner Flame                    Hexes/Fire                   3
   e - Sticky Flame                   Conjuration/Fire             4
   f - Fireball                       Conjuration/Fire             5
Comestibles
 c - 15 rations


   Skills:
 * Level 2.9 Fighting
 + Level 4.3 Dodging
 - Level 3.0 Stealth
 - Level 7.0 Spellcasting
 - Level 10.0 Conjurations
 - Level 8.0 Fire Magic


You had 7 spell levels left.
You knew the following spells:

 Your Spells              Type           Power        Failure   Level  Hunger
a - Flame Tongue          Conj/Fire      #####        1%          1    None
b - Throw Flame           Conj/Fire      ######       1%          2    None
c - Conjure Flame         Conj/Fire      ######..     1%          3    None
d - Sticky Flame          Conj/Fire      ######..     1%          4    ###....
e - Fireball              Conj/Fire      ######....   4%          5    #####..


Dungeon Overview and Level Annotations

Branches:
Dungeon (11/15)            Temple (1/1) D:5
   Lair: D:8-11         Orc: D:9-12

Altars:
Ashenzari
Cheibriados
Dithmenos
Elyvilon
Fedhas
Hepliaklqana
Kikubaaqudgha
Makhleb
Nemelex Xobeh
Okawaru
Qazlal
Ru
Sif Muna
Trog
Uskayaw
Vehumet
Wu Jian
Xom
Zin
The Shining One

Shops:
D:4 *}!%

Annotations:
D:5 exclusion: ice beast, Sigmund
D:6 exclusion: statue
D:7 exclusion: centaur
D:11 exclusion: door


Message History

You are feeling hungry.
You open the door.
A hydra and an acid dragon come into view.
The eight-headed hydra roars!
The acid dragon roars!
A wraith comes into view.
Okay, then.
Unknown command.
Okay, then.
Okay, then.
Okay, then.
Okay, then.
You feel yourself speed up.
The eight-headed hydra bites you but does no damage.
The eight-headed hydra bites you! The eight-headed hydra bites you.
The eight-headed hydra bites you! x2
* * * LOW HITPOINT WARNING * * *
The eight-headed hydra misses you. The eight-headed hydra bites you.
* * * LOW HITPOINT WARNING * * *
The eight-headed hydra bites you!
You die...

#...........# #.
#...........# ##.
#...........# #..
#...........# #..
#...........# ##..
#...........# #...
#........[..# ##### ##...
#...........#.....W ##....
#..........@DD..... ###.....
########....#....####.......
#....######....#####.
#..............# .
#......รท.......# .
#..............# .
#..............#
###............#
#............#


You could see an eight-headed hydra, a wraith and an acid dragon.

Vanquished Creatures
  The ghost of Gorglomux the Skirmisher, an amateur TrWn (D:4)
  A hippogriff (D:7)
  A shadow (D:11)
  2 wyverns (D:11)
  An acid dragon (D:11)
  3 ice beasts
  An orc warrior (D:7)
  2 sky beasts
  4 ogres
  A phantom (D:7)
  A centaur (D:5)
  A bullfrog (D:6)
  A bullfrog zombie (D:11)
  A gnoll shaman (D:5)
  A hound (D:4)
  A jelly (D:6)
  A bullfrog skeleton (D:6)
  An orc priest (D:4)
  2 iguanas
  7 worker ants
  Ijyb (D:3)
  6 orc wizards
  A hound zombie (D:8)
  A worker ant zombie (D:7)
  4 gnolls (D:5)
  3 howler monkey skeletons
  11 adders
  A shadow imp (D:7)
  2 oozes
  5 worms
  2 dart slugs
  5 leopard geckos
  24 orcs
  4 giant cockroaches
  6 goblins
  6 hobgoblins
  2 jackals (D:5)
  3 quokkas
  3 ball pythons (D:3)
  5 bats
  3 frilled lizards
  11 kobolds
  A quokka zombie (D:5)
  7 rats
151 creatures vanquished.

Vanquished Creatures (others)
  A plant (D:5)
1 creature vanquished.

Grand Total: 152 creatures vanquished

Notes
Turn   | Place    | Note
-------+----------+-------------------------------------------
     0 | D:1      | Flooderbenga the Deep Elf Fire Elementalist began the quest for the Orb.
     0 | D:1      | Reached XP level 1. HP: 10/10 MP: 6/6
   540 | D:1      | Reached XP level 2. HP: 15/15 MP: 6/8
   544 | D:1      | Learned a level 2 spell: Throw Flame
  1001 | D:1      | Found a shimmering altar of Xom.
  1391 | D:2      | Reached skill level 2 in Conjurations
  1609 | D:2      | Reached XP level 3. HP: 19/19 MP: 2/9
  2631 | D:3      | Reached XP level 4. HP: 24/24 MP: 0/11
  2965 | D:3      | You fall through a shaft!
  2973 | D:4      | Found Vavvurch's Gadget Shoppe.
  2993 | D:4      | Learned a level 3 spell: Conjure Flame
  3027 | D:4      | Reached skill level 3 in Conjurations
  4272 | D:4      | Found Visch's Distillery.
  4274 | D:4      | Noticed an ogre
  4354 | D:4      | Found Tuaq's General Store.
  4367 | D:4      | Bought a potion of haste for 110 gold pieces
  4367 | D:4      | Bought a scroll of identify for 22 gold pieces
  4411 | D:4      | Got a spiked ring mail
  4492 | D:4      | Reached XP level 5. HP: 28/28 MP: 11/13
  4639 | D:4      | Noticed Gorglomux's ghost (amateur TrWn)
  4661 | D:5      | Entered Level 5 of the Dungeon
  4842 | D:5      | Got an encrusted whip
  4857 | D:5      | Identified the +8 whip "Transmigrator" {venom, MR+ Stlth+} (You found it on level 5 of the Dungeon)
  4865 | D:5      | Noticed an ogre
  4882 | D:5      | Killed an ogre
  4882 | D:5      | Reached skill level 4 in Conjurations
  4882 | D:5      | Reached XP level 6. HP: 32/32 MP: 0/14
  5021 | D:5      | Noticed a sky beast
  5159 | D:6      | Reached skill level 5 in Conjurations
  5159 | D:6      | Reached skill level 5 in Fire Magic
  5372 | D:5      | Noticed Sigmund
  5372 | D:5      | Noticed an ice beast
  5383 | D:4      | Bought a potion of curing for 42 gold pieces
  5441 | D:4      | Reached skill level 6 in Conjurations
  5441 | D:4      | Reached XP level 7. HP: 36/36 MP: 3/15
  5742 | D:4      | Found a shimmering altar of Xom.
  5796 | D:4      | Found Hanausmot's Food Shoppe.
  5839 | D:4      | Found a sparkling altar of Nemelex Xobeh.
  5841 | D:4      | Found a blossoming altar of Fedhas.
  5888 | D:4      | Killed Gorglomux's ghost
  5888 | D:4      | Reached skill level 7 in Conjurations
  5999 | D:3      | Noticed Ijyb
  6026 | D:3      | Killed Ijyb
  6038 | D:3      | Learned a level 4 spell: Sticky Flame
  6892 | D:5      | Reached XP level 8. HP: 41/41 MP: 6/16
  6988 | D:5      | Learned a level 5 spell: Fireball
  7114 | D:5      | Found a staircase to the Ecumenical Temple.
  7125 | Temple   | Entered the Ecumenical Temple
  7245 | Temple   | Became a worshipper of Sif Muna the Loreminder
  7276 | D:5      | Reached skill level 8 in Conjurations
  7512 | D:5      | Reached skill level 5 in Spellcasting
  8159 | D:6      | Found a shattered altar of Ashenzari.
  8258 | D:6      | Reached skill level 9 in Conjurations
  8354 | D:6      | Reached * piety under Sif Muna
  8382 | D:6      | Found a radiant altar of Vehumet.
  9424 | D:7      | Reached XP level 9. HP: 45/45 MP: 6/20
  9650 | D:7      | Reached ** piety under Sif Muna
  9931 | D:4      | Bought 2 potions of brilliance for 112 gold pieces
 10187 | D:8      | Reached skill level 10 in Conjurations
 10294 | D:8      | You fall through a shaft for 3 floors!
 10298 | D:11     | Reached skill level 1 in Fighting
 10320 | D:10     | Entered Level 10 of the Dungeon
 10320 | D:10     | Noticed a two-headed ogre
 10861 | D:11     | Noticed an eight-headed hydra
 10862 | D:11     | Mangled by an eight-headed hydra

Skill      XL: |  1  2  3  4  5  6  7  8  9 |
---------------+----------------------------+-----
Conjurations   | 2 3 4 6 7 9 10 | 10.0
Dodging        | 3 4 |  4.3
Stealth        | 3 |  3.0
Fire Magic     | 4 5 6 7 8 |  8.0
Spellcasting   | 4 6 7 |  7.0
Fighting       | 2 |  2.9

Action                   |  1- 3 |  4- 6 |  7- 9 || total
-------------------------+-------+-------+-------++-------
Melee: Whip              |       |       |     2 ||     2
Throw: Stone             |     4 |     1 |     1 ||     6
 Cast: Flame Tongue      |    27 |    51 |   173 ||   251
       Throw Flame       |    43 |    41 |    55 ||   139
       Conjure Flame     |       |     7 |     9 ||    16
       Sticky Flame      |       |       |     3 ||     3
  Use: Scroll            |       |     8 |       ||     8
       Potion            |       |     4 |     1 ||     5
  Eat: Chunk             |     6 |    10 |    17 ||    33
Armor: Robe              |     1 |       |     2 ||     3
Dodge: Dodged            |    10 |     7 |    13 ||    30
